 Dungeon Crawl Stone Soup version 0.31-a0-1009-g454b1f1e0a (webtiles) character file.

Game seed: 10884664044615889652

1710129 Gladio the Middleweight Champion (level 27, 249/249 HPs)
             Began as a Barachi Shapeshifter on Nov 16, 2023.
             Was the Champion of Wu Jian.
             Escaped with the Orb
             ... and 3 runes!
             The game lasted 03:07:38 (68508 turns).

Gladio the Middleweight Champion (BaSh)            Turns: 68508, Time: 03:07:39

Health: 249/249    AC: 27    Str: 24 (25) XL:     27
Magic:  23/23      EV: 45    Int:  8 (13) God:    Wu Jian [******]
Gold:   2120       SH:  5    Dex: 10 (15) Spells: 26/26 levels left

rFire   . .          .
                       - Unarmed
rCold   + . .        i - melded +1 tower shield {rC+}
rNeg    + + .        E - melded +5 gold dragon scales
rPois   ∞            e - melded +2 helmet
rElec   +            n - melded +2 cloak "Kinatyda" {rF+ Will++ Dex+2 Stlth-}
rCorr   .            y - melded +2 pair of gloves
SInv    .            m - melded +3 pair of mountain boots {steadfast, rC+}
Will    ++...        H - amulet of reflection
Stlth   +            d - ring "Nepnikus" {rC+ rN++ AC+4 Dex+3}
HPRegen 0.61/turn    Y - ring of the Tortoise {AC+8}
MPRegen 0.18/turn

%: reflection
@: storm-form, flying, studying 2 skills
A: cleaving, insubstantial, flying, amphibious, (slowness 1), (strong legs 2),
+LOS, dopey 1, screaming 1, no potion heal 1
0: Orb of Zot
}: 3/15 runes: decaying, serpentine, slimy
a: Blinkbolt, Begin Untransformation, Renounce Religion, Wall Jump, Serpent's
Lash, Heavenly Storm


You escaped.
You worshipped Wu Jian.
Wu Jian was exalted by your worship.
You were a lightning-filled tempest!
You visited 12 branches of the dungeon, and saw 55 of its levels.
You also visited: Gauntlet and Ice Cave.

You collected 9004 gold pieces.
You spent 6884 gold pieces at shops.

Inventory:

Missiles
 a - 27 boomerangs
 f - 7 javelins
 P - 2 silver javelins
Armour
 e - a +2 helmet (melded)
 i - a +1 tower shield of cold resistance (melded)
 m - the +3 pair of mountain boots (melded) {steadfast, rC+}
   (You found it in a Gauntlet)

   Steadfast: It prevents involuntary movement, except for blinking,
   teleportation, or banishment.
   rC+:       It protects you from cold.
 n - the +2 cloak "Kinatyda" (melded) {rF+ Will++ Dex+2 Stlth-}
   (You found it in a Gauntlet)

   Dex+2:     It affects your dexterity (+2).
   rF+:       It protects you from fire.
   Will++:    It greatly increases your willpower.
   Stlth-:    It makes you less stealthy.
 o - a +2 kite shield of positive energy
 y - a +2 pair of gloves (melded)
 E - +5 gold dragon scales (melded)
Jewellery
 b - the ring of Enatel {Contam rC+ EV+5 Str+3 Slay+2}
   (You found it on level 5 of the Pits of Slime)

   [ring of evasion]

   EV+5:      It affects your evasion (+5).
   Str+3:     It affects your strength (+3).
   Slay+2:    It affects your accuracy & damage with ranged weapons and melee
   (+2).
   rC+:       It protects you from cold.
   Contam:    It causes magical contamination when unequipped.
 d - the ring "Nepnikus" (left fist) {rC+ rN++ AC+4 Dex+3}
   (You bought it in a shop on level 2 of the Orcish Mines)

   [ring of protection]

   AC+4:      It affects your AC (+4).
   Dex+3:     It affects your dexterity (+3).
   rC+:       It protects you from cold.
   rN++:      It greatly protects you from negative energy.
 v - the ring of Feodup {rF+ Slay+4 Stlth+}
   (You found it in an ice cave)

   [ring of slaying]

   Slay+4:    It affects your accuracy & damage with ranged weapons and melee
   (+4).
   rF+:       It protects you from fire.
   Stlth+:    It makes you more stealthy.
 w - the ring "Mifeuw" {rN+ Int+6 SInv}
   (You found it on level 2 of the Realm of Zot)

   [ring of intelligence]

   Int+6:     It affects your intelligence (+6).
   rN+:       It protects you from negative energy.
   SInv:      It lets you see invisible.
 H - an amulet of reflection (around neck)
 X - a ring of resist corrosion
 Y - the ring of the Tortoise (right fist) {AC+8}
   (You bought it in a shop on level 1 of the Depths)

   [ring of protection]

   AC+8:      It affects your AC (+8).
Talismans
 c - a granite talisman
 h - a blade talisman
 J - a talisman of death
 M - a storm talisman (active)
Wands
 D - a wand of digging (32)
 F - a wand of flame (75)
 G - a wand of iceblast (79)
 K - a wand of charming (39)
Scrolls
 g - 25 scrolls of identify
 j - 16 scrolls of noise
 p - 7 scrolls of revelation
 r - 9 scrolls of fear
 t - 4 scrolls of silence
 x - 5 scrolls of immolation
 z - 10 scrolls of teleportation
 B - 2 scrolls of torment
 L - a scroll of summoning
 N - 4 scrolls of fog
 S - 4 scrolls of blinking
 T - 8 scrolls of poison
Potions
 k - 9 potions of enlightenment
 l - 3 potions of resistance
 q - 7 potions of attraction
 s - 15 potions of curing
 u - 8 potions of ambrosia
 A - 4 potions of might
 C - 10 potions of invisibility
 O - 2 potions of haste
 Q - 6 potions of mutation
 R - 4 potions of magic
 U - 2 potions of cancellation
 V - 8 potions of heal wounds
Miscellaneous
 I - a box of beasts
 W - a lightning rod (4/4)
 Z - a tin of tremorstones (2/2)


   Skills:
 O Level 27 Fighting
 - Level 18.3 Armour
 + Level 17.0 Dodging
 + Level 18.3 Shields
 O Level 27 Unarmed Combat
 O Level 27 Shapeshifting


You had 26 spell levels left.
You didn't know any spells.
Your spell library contained the following spells:

 Spells                   Type           Power      Damage    Failure   Level
 Apportation              Tloc           0%         N/A       41%         1
 Foxfire                  Conj/Fire      0%         2x1d4     41%         1
 Freeze                   Ice            0%         1d3       41%         1
 Kiss of Death            Conj/Necr      0%         2d5       41%         1
 Necrotise                Necr           0%         1d4       41%         1
 Sandblast                Erth           0%         2d4       41%         1
 Shock                    Conj/Air       0%         1d3       41%         1
 Slow                     Hex            0%         N/A       41%         1
 Sting                    Tmut/Pois      0%         1d3       41%         1
 Summon Small Mammal      Summ           0%         N/A       41%         1
 Ensorcelled Hibernation  Hex/Ice        0%         N/A       54%         2
 Jinxbite                 Hex            0%         N/A       54%         2
 Momentum Strike          Conj/Tloc      0%         3d8       54%         2
 Passwall                 Tmut/Erth      0%         N/A       54%         2
 Call Canine Familiar     Summ           0%         N/A       78%         3
 Confusing Touch          Hex            0%         N/A       78%         3
 Frozen Ramparts          Ice            0%         1d1       78%         3
 Hailstorm                Conj/Ice       0%         3d3       78%         3
 Ignite Poison            Fire/Tmut/Pois 0%         N/A       78%         3
 Inner Flame              Hex/Fire       0%         N/A       78%         3
 Mephitic Cloud           Conj/Pois/Air  0%         N/A       78%         3
 Ozocubu's Armour         Ice            0%         N/A       78%         3
 Sigil of Binding         Hex            0%         N/A       78%         3
 Stone Arrow              Conj/Erth      0%         3d7       78%         3
 Swiftness                Air            0%         N/A       78%         3
 Teleport Other           Tloc           0%         N/A       78%         3
 Tukima's Dance           Hex            0%         N/A       78%         3
 Vampiric Draining        Necr           0%         2d6       78%         3
 Volatile Blastmotes      Fire/Tloc      0%         2d10      78%         3
 Airstrike                Air            0%         2d(0-16)  99%         4
 Anguish                  Hex/Necr       0%         N/A       99%         4
 Animate Armour           Summ/Erth      0%         N/A       99%         4
 Animate Dead             Necr           0%         N/A       99%         4
 Brom's Barrelling Bould  Conj/Erth      0%         2d3       99%         4
 Dimensional Bullseye     Hex/Tloc       0%         N/A       99%         4
 Dispel Undead            Necr           0%         3d6       99%         4
 Flame Wave               Conj/Fire      0%         2d4       99%         4
 Fulminant Prism          Conj/Hex       0%         3d5       99%         4
 Iskenderun's Mystic Bla  Conj/Tloc      0%         2d3       99%         4
 Leda's Liquefaction      Hex/Erth       0%         N/A       99%         4
 Olgreb's Toxic Radiance  Pois           0%         N/A       99%         4
 Sticky Flame             Conj/Fire      0%         2d3       99%         4
 Alistair's Intoxication  Tmut/Pois      0%         N/A       100%        5
 Borgnjor's Vile Clutch   Necr/Erth      0%         N/A       100%        5
 Fireball                 Conj/Fire      0%         3d3       100%        5
 Freezing Cloud           Conj/Ice/Air   0%         6-21      100%        5
 Iskenderun's Battlesphe  Conj           0%         2d6       100%        5
 Metabolic Englaciation   Hex/Ice        0%         N/A       100%        5
 Silence                  Hex/Air        0%         N/A       100%        5
 Yara's Violent Unravell  Hex/Tmut       0%         3d3       100%        5
 Bombard                  Conj/Erth      0%         9d1       100%        6
 Conjure Ball Lightning   Conj/Air       0%         3x3d6     100%        6
 Eringya's Noxious Bog    Tmut/Pois      0%         4d6       100%        6
 Plasma Beam              Fire/Air       0%         2x1d10    100%        6
 Simulacrum               Ice/Necr       0%         N/A       100%        6
 Starburst                Conj/Fire      0%         6d3       100%        6
 Enfeeble                 Hex            0%         N/A       100%        7
 Haunt                    Necr/Summ      0%         N/A       100%        7
 Malign Gateway           Summ/Tloc      0%         N/A       100%        7
 Orb of Destruction       Conj           0%         9d5       100%        7
 Ozocubu's Refrigeration  Ice            0%         4d7       100%        7
 Discord                  Hex            0%         N/A       100%        8
 Ignition                 Fire           0%         3d3       100%        8
 Infestation              Necr           0%         N/A       100%        8
 Lehudib's Crystal Spear  Conj/Erth      0%         10d2      100%        8
 Polar Vortex             Ice            0%         N/A       100%        9
 Shatter                  Erth           0%         3d5*      100%        9


Dungeon Overview and Level Annotations

Branches:
Dungeon (15/15)            Temple (1/1) D:4            Lair (5/5) D:8
  Swamp (4/4) Lair:2        Snake (4/4) Lair:3        Slime (5/5) Lair:4
    Orc (2/2) D:9             Elf (3/3) Orc:2        Vaults (4/5) D:13
  Crypt (3/3) Vaults:3       Tomb (0/3) Crypt:3      Depths (4/4) D:15
    Zot (5/5) Depths:4      IceCv (visited)         Gauntlet (visited)

Altars:
Ashenzari
Dithmenos
Elyvilon
Fedhas
Gozag
Hepliaklqana
Kikubaaqudgha
Makhleb
Nemelex Xobeh
Qazlal
Ru
Sif Muna
Trog
Uskayaw
Vehumet
Wu Jian
Xom
Yredelemnul
Zin
The Shining One
Jiyva

Shops:
D:2 *   D:4 [   D:5 *   D:6 *   D:12 [   Orc:2 *![==   Elf:2 =::   Snake:1 *!=*
Snake:2 [**[(   Depths:1 =*(

Portals:
Hell: Depths:1 Depths:2 Depths:3 Depths:4
Abyss: Depths:1 Depths:3
Pandemonium: Depths:1 Depths:2 Depths:4
Ziggurat: Depths:4
Trove: D:14 (give +3 gold dragon scales)

Annotations:
Orc:1 1 runed translucent door, Caxiuniu's ghost, journeyman TrBe
Elf:2 1 runed translucent door
Zot:4 2 runed translucent doors, exclusion: 2 doors, Raoceuw's ghost, master NaVM
Zot:5 2 exclusions


Innate Abilities, Weirdness & Mutations

You are a lightning-filled tempest!
Your electrical attacks strike out in all directions at once.
You are incredibly evasive.
Your insubstantial body is immune to petrification, constriction, and being set on fire You are flying.
Your armour is entirely melded.
You are incapable of wielding weapons or throwing items.
You are amphibious.
You are immune to poison.
((You cover ground slowly.))
((You can hop long distances.))
You have an extended range of vision and can be seen from far away.
You are dopey. (Int -2)
You occasionally shout uncontrollably at your foes.
Potions are less effective at restoring your health.


Message History

There is a stone staircase leading up here.
You fly upwards.
There is a stone staircase leading down here.
There is an open door here.
There is an open door here.
Unknown command.
You see here a +0 whip.
You see here a +0 club.
You see here a +0 club.
Things that are here:
4 stones; a +0 dagger An Orb Guardian comes into view.
The Orb Guardian moves out of view.
You lunge at the Orb Guardian, in a flurry of attacks.
You blast the Orb Guardian!!!
The Orb Guardian is almost dead.
You barely miss the Orb Guardian. Your punch misses the Orb Guardian.
The Orb Guardian is almost dead.
The Orb Guardian hits you but does no damage.
The Orb Guardian completely misses you.
You blast the Orb Guardian!!!
You kill the Orb Guardian!
The Council accepts your kill.
Your Dodging skill increases to level 17!
You start resting.
A sixfirhy comes into view.
The sixfirhy hits you but does no damage. x2
The sixfirhy closely misses you.
You blast the sixfirhy!!!
You kill the sixfirhy!
The Council accepts your kill.
No target in view!
No target in view!
No target in view!
No target in view!
You start resting.
HP restored.
Unknown command.
There is a staircase leading out of the dungeon here.
You have escaped!

#.........# ##.....#########.#
#.###.###.#####................#
#.# #...[............###########
#.# #####.#..##..##..# #.#
#.#..##..##..#
#.#######.###..##..###
#.........###..##..###
###########..##..##..#
#..##v.##..# ###..##..###
####..##..############
########...##..##..##.......#
#..........##..##..##.#####.#
#.###.#########.#####....##.##
#.#...########...####........#
#.#.#........)...........##..#
#.#...########...####.#####..#


There were no monsters in sight!

Vanquished Creatures
  Dissolution (Slime:1)
  the Royal Jelly (Slime:5)
  A dread lich (Crypt:3)
  2 ancient liches
  2 orbs of fire (Zot:5)
  Mennas (Vaults:3)
  2 juggernauts
  Josephina (Depths:2)
  the Lernaean hydra (Swamp:4)
  12 Killer Klowns
  5 curse toes
  Norris (Vaults:1)
  Nikola (Snake:2)
  18 golden dragons
  the Enchantress (Depths:2)
  Jory (Crypt:1)
  3 bone dragons (Crypt:3)
  The ghost of Plog the Imperceptible, a veteran TeGl of Uskayaw (Depths:4)
  6 electric golems
  The ghost of SpeedRobin the Champion of Chaos, an adept DDFi of Makhleb (Vaults:4)
  A Brimstone Fiend (Depths:3)
  Rupert (D:12)
  Jorgrun (Orc:1)
  29 Orb Guardians
  A Hell Sentinel (Depths:3)
  3 liches
  17 tentacled monstrosities
  A walking divine tome (Depths:3)
  A deep elf blademaster (Elf:3)
  2 deep elf master archers (Elf:3)
  19 acid blobs
  5 ancient champions (Crypt:3)
  11 quicksilver dragons
  5 sphinxes
  19 death cobs
  2 tengu reavers
  Roxanne (Elf:3)
  10 storm dragons
  4 nagarajas (Snake:4)
  Gastronok (Lair:2)
  2 thorn hunters
  13 shadow dragons
  Donald (Snake:2)
  4 revenants
  Kirke (Swamp:3)
  10 rockslimes
  2 fenstrider witches (Swamp:3)
  8 draconian monks
  Aizul (Depths:1)
  5 draconian knights
  15 azure jellies
  5 frost giants
  An iron dragon (Depths:3)
  5 fire giants
  10 deep elf sorcerers
  10 vault wardens
  5 draconian scorchers
  3 balrugs
  2 ghost moths
  4 deep elf elementalists (Elf:3)
  2 curse skulls (Crypt:3)
  Louise (Snake:2)
  4 war gargoyles
  A spectral juggernaut (Depths:4)
  12 draconian annihilators
  9 ghouls
  A reaper (Depths:1)
  2 orc warlords
  8 ironbound thunderhulks
  13 stone giants
  5 draconian stormcallers
  3 formless jellyfish
  16 ironbound preservers
  8 very ugly things
  4 spriggan defenders
  7 vampire knights
  4 draconian shifters
  11 quicksilver oozes
  10 caustic shrike skeletons
  4 juggernaut skeletons
  The ghost of Xaosyiw the Eclecticist, an adept DECj of Sif Muna (Depths:4)
  The ghost of Prykner the Grappler, a journeyman TrGl of Okawaru (Lair:5)
  5 eleionomae
  6 deep elf demonologists
  11 purple draconians
  2 dire elephants
  An eleionoma (shapeshifter) (Elf:2)
  8 deep elf annihilators
  10 green draconians
  A minotaur (Gauntlet)
  17 yellow draconians
  15 black draconians
  6 red draconians
  3 spark wasps
  6 bunyips
  Snorg (D:12)
  10 deep elf death magi
  A blizzard demon (Depths:2)
  5 eidola
  17 white draconians
  5 ettins
  10 deep elf high priests
  A green death (D:12)
  2 crystal guardians
  A merfolk impaler (Depths:1)
  11 yaktaur captains
  12 fire dragons
  11 jiangshi
  4 shambling mangroves (Swamp:3)
  2 fenstrider witch zombies
  A rakshasa (Depths:2)
  8 ice dragons
  Erolcha (D:12)
  Harold (Lair:1)
  15 great orbs of eyes
  5 peacekeepers
  9 spriggan air magi
  3 salamander tyrants (Snake:4)
  An entropy weaver (Vaults:1)
  6 vault guards
  2 quicksilver dragon skeletons
  A hell beast (Gauntlet)
  8 ironbound frosthearts
  A caustic shrike simulacrum (Depths:2)
  A jorogumo (shapeshifter) (D:15)
  23 hydras
  2 catoblepae
  10 alligators
  3 death knights
  A ghost crab (Swamp:4)
  An ogre mage (Orc:2)
  3 two-headed ogres
  13 anacondas
  14 centaur warriors
  30 dancing weapons
  13 death yaks
  4 boulder beetles
  11 deep troll shamans
  9 tengu warriors
  6 naga warriors
  8 vampire magi
  A sphinx skeleton (Depths:2)
  7 deep troll earth magi
  4 orc high priests (Orc:2)
  9 naga sharpshooters
  8 spriggan berserkers
  An occultist (Depths:2)
  6 hell knights (Depths:3)
  12 spriggans
  Nergalle (Orc:1)
  Sonja (Orc:2)
  4 sun demons
  4 soul eaters
  6 shock serpents
  6 skysharks
  21 deep elf knights
  A fire crab (shapeshifter) (D:13)
  2 death drakes
  4 iron trolls
  44 skeletal warriors
  A sea snake (Snake:1)
  3 sixfirhies
  3 titan skeletons (Crypt:3)
  An anaconda zombie (Crypt:2)
  49 deep trolls
  A goliath frog (Swamp:3)
  6 flayed ghosts
  2 glowing orange brains
  A salamander mystic (Snake:3)
  A storm dragon skeleton (Depths:2)
  4 golden dragon skeletons (Depths:2)
  11 naga ritualists
  2 bunyip skeletons (Crypt:3)
  2 orange crystal statues (IceCv)
  12 deep elf archers
  9 lindwurms
  A spriggan druid (Swamp:3)
  10 swamp dragons
  A spriggan simulacrum (Crypt:2)
  11 arcanists
  A harpy (Vaults:1)
  11 bog bodies
  11 phantasmal warriors
  6 necromancers
  An iron giant skeleton (Crypt:2)
  28 deep elf pyromancers
  7 orc knights
  2 tengu skeletons (Crypt:3)
  13 mana vipers
  A shadow dragon zombie (Crypt:2)
  A shining eye (shapeshifter) (Elf:1)
  21 ironbound convokers
  5 orc sorcerers
  33 deep elf zephyrmancers
  28 ugly things
  A cyclops (shapeshifter) (D:13)
  2 shadow dragon skeletons (Depths:2)
  5 manticores
  10 shining eyes
  5 iron dragon skeletons
  5 cyclopes
  3 will-o-the-wisps
  7 salamanders
  2 fire giant skeletons (Depths:2)
  27 moths of wrath
  Joseph (D:8)
  9 elephants
  19 vault sentinels
  A water nymph (shapeshifter) (Depths:2)
  A naga zombie (Crypt:1)
  12 naga magi
  A smoke demon (Depths:2)
  2 black mambas (shapeshifter) (D:13)
  5 eyes of devastation
  3 guardian serpents (Snake:4)
  52 black mambas
  3 frost giant skeletons (Depths:2)
  A stone giant skeleton (Crypt:3)
  6 gargoyles
  3 centaur skeletons
  15 cane toads
  An unseen horror (D:13)
  5 kobold demonologists
  5 freezing wraiths
  A naga skeleton (Crypt:1)
  43 yaktaurs
  4 dire elephant skeletons
  9 komodo dragons
  Jeremiah (Lair:1)
  3 rime drakes
  An alligator snapping turtle skeleton (Crypt:3)
  4 spriggan skeletons
  2 efreet
  5 tengu conjurers
  2 hellions
  A komodo dragon (shapeshifter) (Depths:3)
  A harpy zombie (Crypt:1)
  A queen bee (Lair:5)
  A yellow draconian skeleton (Crypt:1)
  4 meliai
  A sea snake skeleton (Crypt:1)
  A red devil (Depths:4)
  20 hornets
  A hellwing (Zot:4)
  2 polar bears
  A bloated husk (Swamp:1)
  2 hydra skeletons
  A tengu simulacrum (Depths:2)
  4 glass eyes
  6 trolls
  2 death drake skeletons
  7 tyrant leeches
  2 guardian serpent zombies
  19 blink frogs
  2 snapping turtles (shapeshifter)
  6 dream sheep (Lair:5)
  A blink frog (shapeshifter) (D:14)
  6 harpy skeletons (Crypt:3)
  An iron dragon simulacrum (Depths:2)
  103 slime creatures
  A culicivora (shapeshifter) (D:15)
  An ice dragon skeleton (Crypt:3)
  An ettin skeleton (Depths:2)
  22 flying skulls
  An air elemental (Elf:3)
  2 wyverns
  5 water elementals
  24 yaks
  2 shadows
  A neqoxec (Depths:2)
  A wind drake zombie (Crypt:1)
  A fire elemental (Elf:2)
  A yak (shapeshifter) (Elf:3)
  3 vampires
  2 black mamba skeletons (Crypt:1)
  2 ynoxinuls
  5 golden eyes
  5 basilisks
  2 hogs (Swamp:3)
  8 wraiths
  A redback (Vaults:1)
  15 vampire mosquitoes
  20 nagas
  4 wargs (Orc:2)
  A merfolk zombie (Crypt:1)
  4 great orb of eyes simulacra (IceCv)
  Menkaure (D:6)
  18 swamp worms
  13 water moccasins
  3 acid dragons
  A hell hound (Gauntlet)
  An entropy weaver zombie (Crypt:3)
  32 orc warriors
  10 swamp drakes
  4 glowing shapeshifter skeletons (Depths:2)
  4 ice beasts
  2 sky beasts (D:7)
  10 ogres
  6 boggarts (Vaults:1)
  4 black bears
  9 wolves
  5 centaurs
  A lindwurm skeleton (Crypt:3)
  3 slime creature simulacra (IceCv)
  7 kobold brigands
  4 gnoll sergeants
  A human simulacrum (Depths:2)
  15 bullfrogs
  3 necrophages
  An earth elemental (Elf:3)
  2 scorpions (D:5)
  4 glowing shapeshifter simulacra (IceCv)
  2 naga simulacra
  30 wights
  A cyclops skeleton (Crypt:2)
  32 killer bees
  A water moccasin zombie (Crypt:3)
  An electric eel (Snake:1)
  A yak skeleton (Crypt:2)
  5 howler monkeys
  13 jellies (Lair:4)
  A gnoll bouda (D:6)
  35 orc priests
  A black bear skeleton (Crypt:2)
  Terence (D:2)
  4 iguanas
  A sleepcap (D:8)
  25 orc wizards
  An acid dragon zombie (Crypt:1)
  25 gnolls
  7 adders
  5 shadow imps
  A white imp (D:6)
  4 ufetubi (D:6)
  A worm (D:3)
  6 dart slugs
  97 orcs
  7 bats
  A bat zombie (Crypt:3)
  9 endoplasms
  3 giant cockroaches
  8 goblins
  12 hobgoblins
  6 jackals
  4 quokkas
  2 ball pythons (D:3)
  A ball python skeleton (Crypt:2)
  2 frilled lizards (D:2)
  A frilled lizard zombie (Crypt:1)
  20 kobolds
  An orc skeleton (Crypt:2)
  8 rats
2438 creatures vanquished.

Vanquished Creatures (others)
  A draconian shifter (Zot:3)
  An occultist (Depths:1)
  3 deep elf knights
  2 deep elf pyromancers (Elf:2)
  A titan simulacrum (Depths:2)
  A bloated husk (Swamp:1)
  A fire giant simulacrum (Depths:2)
  A slime creature (IceCv)
  A flying skull (Crypt:3)
  A hog (Swamp:3)
  7 foxfires
20 creatures vanquished.

Grand Total: 2458 creatures vanquished

Notes
Turn   | Place    | Note
-------+----------+-------------------------------------------
     0 | D:1      | Gladio the Barachi Shapeshifter began the quest for the
                  | Orb.
     0 | D:1      | Reached XP level 1. HP: 15/15 MP: 1/1
   218 | D:1      | Reached XP level 2. HP: 20/21 MP: 2/2
   554 | D:1      | Reached XP level 3. HP: 23/27 MP: 3/3
  1026 | D:1      | Found a faded altar of an unknown god.
  1412 | D:2      | Reached XP level 4. HP: 33/34 MP: 4/4
  1487 | D:2      | Noticed Terence
  1520 | D:2      | Killed Terence
  1581 | D:2      | Found Sodoonaj's General Store.
  1590 | D:2      | Bought a potion of might for 40 gold pieces
  1590 | D:2      | Bought a scroll of identify for 20 gold pieces
  1949 | D:3      | Reached XP level 5. HP: 40/40 MP: 5/5
  2967 | D:4      | Noticed a black bear
  2977 | D:4      | Killed a black bear
  2978 | D:4      | Reached skill level 5 in Shapeshifting
  2978 | D:4      | Reached XP level 6. HP: 33/47 MP: 6/6
  3123 | D:4      | Noticed an orc warrior
  3147 | D:4      | Killed an orc warrior
  3149 | D:4      | Reached skill level 5 in Unarmed Combat
  3399 | D:4      | Reached XP level 7. HP: 38/54 MP: 7/7
  3487 | D:4      | Found a staircase to the Ecumenical Temple.
  3515 | Temple   | Entered the Ecumenical Temple
  3534 | Temple   | Became a worshipper of the Wu Jian Council
  3716 | D:4      | Found Ziewkyngod's Antique Armour Emporium.
  4401 | D:5      | Entered Level 5 of the Dungeon
  4561 | D:5      | Found an opulent altar of Gozag.
  4671 | D:5      | Reached skill level 5 in Fighting
  4801 | D:5      | Reached XP level 8. HP: 33/62 MP: 8/8
  4896 | D:4      | Bought a pair of gloves for 108 gold pieces
  5054 | D:5      | Found a radiant altar of Vehumet.
  5078 | D:5      | Found Bacrimi's Serpentskin Sales.
  5104 | D:5      | Reached * piety under Wu Jian
  5505 | D:6      | Noticed Menkaure
  5512 | D:6      | Killed Menkaure
  5762 | D:6      | Reached XP level 9. HP: 63/71 MP: 9/9
  5816 | D:6      | Found Fow Reoc's CLEARANCE SALE!.
  6270 | D:7      | Reached ** piety under Wu Jian
  7189 | D:8      | Noticed Joseph
  7205 | D:8      | Killed Joseph
  7315 | D:8      | Noticed a manticore
  7315 | D:8      | Noticed a tengu conjurer
  7315 | D:8      | Noticed a meliai
  7338 | D:8      | Reached skill level 10 in Unarmed Combat
  7352 | D:8      | Reached XP level 10. HP: 52/80 MP: 10/10
  7732 | D:8      | Found a staircase to the Lair.
  7919 | D:8      | Reached *** piety under Wu Jian
  8103 | D:9      | Reached skill level 1 in Armour
  8165 | D:9      | Found a glowing silver altar of Zin.
  8172 | D:9      | Found a sparkling altar of Nemelex Xobeh.
  8875 | D:9      | Noticed a boulder beetle
  9038 | D:9      | Killed a boulder beetle
  9265 | D:9      | Reached XP level 11. HP: 89/89 MP: 11/11
  9307 | D:9      | Found a staircase to the Orcish Mines.
  9549 | D:9      | Reached **** piety under Wu Jian
  9560 | D:9      | Reached skill level 10 in Shapeshifting
  9574 | D:9      | Reached skill level 10 in Fighting
  9878 | D:10     | Identified the "Qisak"
  9878 | D:10     | Entered Level 10 of the Dungeon
 10109 | D:10     | Reached skill level 5 in Armour
 10665 | D:10     | Reached ***** piety under Wu Jian
 10996 | D:13     | Identified the "Cucoupp"
 10996 | Lair:1   | Entered Level 1 of the Lair of Beasts
 10996 | Lair:1   | Noticed Jeremiah
 10996 | Lair:1   | Noticed a death yak
 10996 | Lair:1   | Noticed a death yak
 10997 | Lair:1   | Noticed a death yak
 10999 | Lair:1   | Noticed a death yak
 11190 | D:8      | Killed a death yak
 11345 | Lair:1   | Noticed a death yak
 11345 | Lair:1   | Noticed a death yak
 11373 | D:8      | Killed a death yak
 11376 | D:8      | Killed a death yak
 11665 | D:8      | Reached XP level 12. HP: 64/99 MP: 12/12
 11795 | D:8      | Killed a death yak
 11808 | D:8      | Killed a death yak
 12047 | D:8      | Killed a death yak
 12248 | Lair:1   | Killed Jeremiah
 12519 | Lair:1   | Noticed Harold
 12692 | Lair:1   | Killed Harold
 13383 | Lair:2   | Noticed Gastronok
 13398 | Lair:2   | Killed Gastronok
 13399 | Lair:2   | Reached skill level 15 in Unarmed Combat
 13614 | Lair:2   | Identified the +6 scale mail of Fuenuov {Dex+5}
 13632 | Lair:2   | Gained mutation: You can hop long distances. [Barachi
                  | growth]
 13632 | Lair:2   | Reached XP level 13. HP: 90/108 MP: 13/13
 13881 | Lair:2   | Found a staircase to the Swamp.
 15169 | Lair:3   | Found a staircase to the Snake Pit.
 15671 | Lair:4   | Identified the +11 morningstar "Vetiohah" {heavy, rElec rF+
                  | Int-2}
 15691 | Lair:4   | Found a staircase to the Slime Pits.
 15914 | Lair:4   | Found a viscous altar of Jiyva.
 16542 | Lair:5   | Entered Level 5 of the Lair of Beasts
 16876 | Lair:5   | Reached skill level 10 in Armour
 16914 | Lair:5   | Identified the +8 whip "Judghui" {heavy, Will+}
 17370 | Lair:5   | Noticed Prykner's ghost (journeyman TrGl)
 17434 | Lair:5   | Found a transporter.
 17440 | Lair:5   | Found a transporter.
 17444 | Lair:5   | Reached XP level 14. HP: 104/118 MP: 14/14
 17829 | Lair:5   | Reached ****** piety under Wu Jian
 18422 | D:11     | Found a gate leading to a gauntlet.
 18443 | Gauntlet | Entered a Gauntlet
 18443 | Gauntlet | Found a transporter.
 18443 | Gauntlet | Found a runed translucent door.
 18444 | Gauntlet | Found a runed translucent door.
 18450 | Gauntlet | Found a transporter.
 18451 | Gauntlet | Found a transporter.
 18466 | Gauntlet | Found a transporter.
 18477 | Gauntlet | Found a transporter.
 18493 | Gauntlet | Found the +3 pair of mountain boots {steadfast, rC+}
 18495 | Gauntlet | Found a transporter.
 18507 | Gauntlet | Found a transporter.
 18518 | Gauntlet | Found a transporter.
 18540 | Gauntlet | Found a transporter.
 18554 | Gauntlet | Found a transporter.
 18554 | Gauntlet | Found a transporter.
 18600 | Gauntlet | Found a transporter.
 18643 | Gauntlet | Found a transporter.
 18796 | Gauntlet | Found a transporter.
 19051 | Gauntlet | Identified the +2 cloak "Kinatyda" {rF+ Will++ Dex+2
                  | Stlth-}
 19220 | D:11     | Found a shimmering altar of Xom.
 19225 | D:11     | Found a shimmering altar of Xom.
 19226 | D:11     | Found a shimmering altar of Xom.
 19228 | D:11     | Found a shimmering altar of Xom.
 19228 | D:11     | Found a shimmering altar of Xom.
 19228 | D:11     | Found a shimmering altar of Xom.
 19248 | D:11     | Found a shimmering altar of Xom.
 20143 | D:12     | Noticed Erolcha
 20148 | D:12     | Killed Erolcha
 20291 | D:12     | Found Luotan's Armour Shoppe.
 20471 | D:12     | Noticed Snorg
 20482 | D:12     | Killed Snorg
 20759 | D:13     | Noticed Rupert
 20848 | Orc:1    | Entered Level 1 of the Orcish Mines
 20848 | Orc:1    | Noticed Nergalle
 21083 | Orc:1    | Killed Nergalle
 21241 | Orc:1    | Noticed Jorgrun
 21308 | Orc:1    | Killed Jorgrun
 21309 | Orc:1    | Reached skill level 15 in Fighting
 21309 | Orc:1    | Reached XP level 15. HP: 100/129 MP: 15/15
 21398 | Orc:1    | Found a runed translucent door.
 21403 | Orc:1    | Paralysed by an orc sorcerer for 5 turns
 21516 | Orc:1    | Found the +7 hand cannon "Mule" {flame, backblast, rF+}
 21517 | Orc:1    | Noticed Caxiuniu's ghost (journeyman TrBe)
 21626 | Orc:2    | Entered Level 2 of the Orcish Mines
 21668 | Orc:2    | Noticed Sonja
 21681 | Orc:2    | Killed Sonja
 21787 | Orc:2    | Found Digasch's General Store.
 21796 | Orc:2    | Bought a scroll of teleportation for 45 gold pieces
 21796 | Orc:2    | Bought a scroll of fear for 60 gold pieces
 21860 | Orc:2    | Found a staircase to the Elven Halls.
 22713 | Orc:2    | Found Micwe's Antique Armour Shop.
 22713 | Orc:2    | Found Idosum's Distillery.
 23015 | Orc:2    | Found Xiq Lukhlylu's Jewellery Emporium.
 23015 | Orc:2    | Found Wymiahya's Jewellery Shop.
 23185 | Orc:2    | Bought a granite talisman for 840 gold pieces
 23322 | D:12     | Killed Rupert
 23635 | D:13     | Found a gate to the Vaults.
 25274 | D:14     | Found a frozen archway.
 25278 | D:14     | Reached skill level 15 in Shapeshifting
 25374 | IceCv    | Entered an ice cave
 25409 | IceCv    | Reached XP level 16. HP: 139/139 MP: 16/16
 26164 | IceCv    | Noticed an azure jelly
 26170 | IceCv    | Killed an azure jelly
 26171 | IceCv    | Noticed an azure jelly
 26173 | IceCv    | Noticed an azure jelly
 26182 | IceCv    | Noticed a rockslime
 26182 | IceCv    | Killed an azure jelly
 26186 | IceCv    | Killed an azure jelly
 26188 | IceCv    | Killed a rockslime
 26270 | IceCv    | Found a viscous altar of Jiyva.
 26293 | IceCv    | Identified the ring of Feodup {rF+ Slay+4 Stlth+}
 26305 | IceCv    | Identified the +3 shortbow "Conservator" {antimagic, Will+}
 26495 | D:14     | Found a portal to a secret trove of treasure.
 26741 | D:14     | Found a white marble altar of Elyvilon.
 26968 | D:15     | Entered Level 15 of the Dungeon
 26989 | D:15     | Found a shadowy altar of Dithmenos.
 27017 | D:15     | Reached skill level 1 in Shields
 27322 | D:15     | Found a staircase to the Depths.
 27917 | Orc:2    | Bought the ring "Nepnikus" {rC+ rN++ AC+4 Dex+3} for 935
                  | gold pieces
 28072 | Snake:1  | Entered Level 1 of the Snake Pit
 28186 | Snake:1  | Found Ucwued's Jewellery Boutique.
 28209 | Snake:1  | Found Aphithan's Distillery.
 28405 | Snake:1  | Found Yphyo's Assorted Antiques.
 28409 | Snake:1  | Found Mich's Assorted Antiques.
 28682 | Snake:2  | Reached XP level 17. HP: 149/149 MP: 12/17
 28792 | Snake:2  | Noticed Nikola
 28809 | Snake:2  | Killed Nikola
 29119 | Snake:2  | Found Gexamu's Armour Boutique.
 29122 | Snake:2  | Found Qaomaem's General Store.
 29122 | Snake:2  | Found Micluos's General Store.
 29134 | Snake:2  | Found Otuakak's Antique Armour Shop.
 29215 | Snake:2  | Noticed Louise
 29219 | Snake:2  | Reached skill level 5 in Shields
 29229 | Snake:2  | Killed Louise
 29311 | Snake:2  | Found Jywudask's Antique Weapon Emporium.
 29590 | Snake:2  | Noticed Donald
 29603 | Snake:2  | Killed Donald
 31148 | Swamp:1  | Entered Level 1 of the Swamp
 31733 | Swamp:2  | Reached XP level 18. HP: 160/160 MP: 18/18
 32163 | Swamp:3  | Identified the "Fippur"
 32198 | Swamp:3  | Noticed Kirke
 32212 | Swamp:3  | Killed Kirke
 32284 | Swamp:3  | Found a shimmering altar of Xom.
 32937 | Swamp:4  | Entered Level 4 of the Swamp
 33439 | Swamp:4  | Identified the +5 rapier "Joxte" {drain, rC+ rCorr Int-4}
 33448 | Swamp:4  | Identified the +0 chain mail of the Blessed Realm {*Corrode
                  | Fly rC+ Int+3}
 33683 | Swamp:4  | Noticed the 27-headed Lernaean hydra
 33685 | Swamp:4  | Killed the 27-headed Lernaean hydra
 33690 | Swamp:4  | Got a decaying rune of Zot
 33906 | Snake:4  | Entered Level 4 of the Snake Pit
 34116 | Snake:4  | Reached XP level 19. HP: 172/172 MP: 19/19
 34680 | Snake:4  | Got a serpentine rune of Zot
 34993 | Vaults:1 | Entered Level 1 of the Vaults
 35019 | Vaults:1 | Noticed Norris
 35047 | Vaults:1 | Killed Norris
 35235 | Vaults:1 | Reached skill level 10 in Shields
 36390 | Vaults:1 | Reached XP level 20. HP: 184/184 MP: 20/20
 36567 | Vaults:2 | Identified the of Xuth
 38221 | Vaults:3 | Identified the +4 eveningstar of Bodily Harmony {flame,
                  | Str+4}
 38365 | Vaults:3 | Noticed Mennas
 38383 | Vaults:3 | Killed Mennas
 38913 | Vaults:3 | Found a staircase to the Crypt.
 38913 | Vaults:3 | Found a basalt altar of Yredelemnul.
 38913 | Vaults:3 | Found an ancient bone altar of Kikubaaqudgha.
 39382 | Vaults:4 | Reached XP level 21. HP: 192/192 MP: 21/21
 39510 | Vaults:4 | Found a transporter.
 39510 | Vaults:4 | Noticed SpeedRobin's ghost (adept DDFi)
 39514 | Vaults:4 | Found a transporter.
 40864 | Vaults:5 | Identified the "Hajimobi"
 40864 | Depths:1 | Entered Level 1 of the Depths
 41082 | Depths:1 | Identified the serpent talisman of Ryhehoh {Str+3}
 41082 | Depths:1 | Noticed Aizul
 41091 | Depths:1 | Killed Aizul
 41122 | Depths:1 | Found a gateway to Hell.
 41164 | Depths:1 | Found Vianutiq's Jewellery Emporium.
 41169 | Depths:1 | Found Dolosa's Assorted Antiques.
 41170 | Depths:1 | Found Kulaeggu's Antique Weapon Emporium.
 41198 | Depths:1 | Found a one-way gate to the infinite horrors of the Abyss.
 41353 | Depths:1 | Found a one-way gate leading to the halls of Pandemonium.
 41415 | Depths:1 | Noticed a golden dragon
 41420 | Depths:1 | Killed a golden dragon
 41634 | Depths:1 | Found a hazy altar of Hepliaklqana.
 41938 | Depths:2 | Identified the ring "Cute" {Ice Str+4}
 41938 | Depths:2 | Noticed Josephina
 41948 | Depths:2 | Killed Josephina
 42192 | Depths:2 | Reached XP level 22. HP: 202/202 MP: 22/22
 42573 | Depths:2 | You fall into a shaft and drop 2 floors!
 42573 | Depths:4 | Entered Level 4 of the Depths
 42575 | Depths:4 | Noticed a juggernaut
 42585 | Depths:4 | Killed a juggernaut
 43503 | Depths:2 | Found the +8 trishula "Condemnation" {holy, anguish, *Noise
                  | Fly rN+}
 43577 | Depths:2 | Noticed the Enchantress
 43591 | Depths:2 | Killed the Enchantress
 43622 | Depths:2 | Identified the +2 flail of Doom {pain, Will+ SInv}
 44555 | Depths:3 | Reached XP level 23. HP: 211/211 MP: 23/23
 45236 | Depths:4 | Reached skill level 15 in Shields
 45387 | Depths:4 | Found a gate to the Realm of Zot.
 45387 | Depths:4 | Noticed a golden dragon
 45393 | Depths:4 | Killed a golden dragon
 45839 | Depths:4 | Found a one-way gateway to a ziggurat.
 46259 | Depths:4 | Found a runed translucent gate.
 46259 | Depths:4 | Found a runed translucent gate.
 46260 | Depths:4 | Found a runed translucent gate.
 46261 | Depths:4 | Noticed Plog's ghost (veteran TeGl)
 46261 | Depths:4 | Noticed Xaosyiw's ghost (adept DECj)
 46277 | Depths:4 | Found a basalt altar of Yredelemnul.
 46397 | Depths:4 | Killed Xaosyiw's ghost
 46402 | Depths:4 | Killed Plog's ghost
 46411 | Depths:4 | Identified the +0 hat of Tyetit {Slay+2}
 46426 | Depths:4 | Identified the ring "Wutoih" {rElec Will+}
 46755 | Elf:1    | Identified the "Wamiuton"
 46755 | Elf:1    | Entered Level 1 of the Elven Halls
 46778 | Elf:1    | Found a radiant altar of Vehumet.
 46976 | Elf:1    | Gained mutation: Potions are less effective at restoring
                  | your health. [a shining eye]
 47766 | Elf:2    | Found Xumac's Book Boutique.
 47963 | Elf:2    | Found Vuenash's Jewellery Emporium.
 47964 | Elf:2    | Found Esuyci Laet's Book Boutique.
 48142 | Elf:2    | Found a runed translucent door.
 48174 | Elf:2    | Found a runed translucent door.
 48253 | Elf:2    | Reached XP level 24. HP: 221/221 MP: 23/23
 48566 | Elf:3    | Identified the of Odarour
 48566 | Elf:3    | Identified the "Leujocug"
 48566 | Elf:3    | Identified the "Vucoihosk"
 48566 | Elf:3    | Identified the "Diph"
 48566 | Elf:3    | Entered Level 3 of the Elven Halls
 48694 | Elf:3    | Paralysed by an air elemental for 1 turns
 48955 | Elf:3    | Found a radiant altar of Vehumet.
 49078 | Elf:3    | Noticed Roxanne
 49288 | Elf:3    | Killed Roxanne
 49720 | Elf:3    | Identified the staff of the Foremost Tales {rElec rC+ Str-4
                  | SInv Stlth+ Air}
 49747 | Elf:3    | Identified the +8 halberd of Ragnarok {elec, Int+2}
 49770 | Elf:3    | Identified the +4 ring mail of Defiance {rF+}
 50290 | Elf:3    | Identified the staff "Lupridi" {rN+++ Str+3 Dex-3 Stlth+
                  | Conj}
 50686 | Crypt:1  | Entered Level 1 of the Crypt
 50858 | Crypt:1  | Noticed Jory
 50870 | Crypt:1  | Killed Jory
 52915 | Crypt:3  | Entered Level 3 of the Crypt
 52950 | Crypt:3  | Reached XP level 25. HP: 224/232 MP: 23/23
 53070 | Crypt:3  | Found a staircase to the Tomb.
 53407 | Crypt:3  | Reached skill level 5 in Dodging
 53852 | Crypt:3  | Found the +7 great mace "Undeadhunter" {deathbane, rN+}
 54056 | Crypt:3  | Noticed a dread lich
 54081 | Crypt:3  | Killed a dread lich
 54708 | Crypt:3  | Identified the +2 scale mail of the Arcane {*Slow rElec
                  | rPois rC+}
 55177 | Snake:2  | Bought a scroll of acquirement for 676 gold pieces
 55177 | Snake:2  | Acquired 875 gold pieces
 55883 | Vaults:4 | Killed SpeedRobin's ghost
 55889 | Vaults:4 | Identified the staff of the Riding Gods {rElec Earth}
 56622 | Depths:1 | Bought a storm talisman for 1600 gold pieces
 56943 | Zot:2    | Identified the of Tumaf
 56943 | Zot:2    | Identified the "Ifusun"
 56943 | Zot:2    | Identified the of Ipootaown
 56943 | Slime:1  | Entered Level 1 of the Pits of Slime
 56960 | Slime:2  | Noticed Dissolution
 56967 | Slime:1  | Killed Dissolution
 56967 | Slime:1  | You are sucked into a shaft and drop 1 floor!
 56968 | Slime:2  | Gained mutation: You are dopey. (Int -2) [a shining eye]
 56970 | Slime:2  | Gained mutation: You occasionally shout uncontrollably at
                  | your foes. [a shining eye]
 57293 | Slime:5  | Entered Level 5 of the Pits of Slime
 57892 | Slime:5  | Noticed the Royal Jelly
 57909 | Slime:5  | Reached XP level 26. HP: 171/240 MP: 23/23
 57915 | Slime:5  | Killed the Royal Jelly
 58072 | Slime:5  | Found the +7 great mace "Firestarter" {flame, immolate,
                  | rFlCloud rF++}
 58091 | Slime:5  | Identified the ring of Enatel {Contam rC+ EV+5 Str+3
                  | Slay+2}
 58098 | Slime:5  | Got a slimy rune of Zot
 58120 | Slime:5  | Identified the +5 plate armour of Negligence {Rampage
                  | *Corrode Will++ Dex+4}
 58171 | Slime:5  | Identified the +5 flail of the Purse {protect, rPois rN++
                  | Dex-4 Stlth+}
 58172 | Slime:5  | Identified the +4 war axe "Kiduel" {heavy, rPois SInv}
 58205 | Slime:5  | Identified the +5 orcbow "Fuyvock" {freeze, Drain rElec
                  | Dex+6}
 58219 | Slime:5  | Identified the staff "Ceishrah" {rF+ rCorr Stlth+ Conj}
 58220 | Slime:5  | Identified the +4 arbalest of the Arena {flame, Fly Will+
                  | rCorr}
 59036 | Lair:5   | Killed Prykner's ghost
 59386 | Depths:1 | Bought the ring of the Tortoise {AC+8} for 2560 gold pieces
 59386 | Depths:1 | Found the ring of the Tortoise {AC+8}
 59496 | Zot:1    | Entered Level 1 of the Realm of Zot
 60531 | Depths:4 | Reached skill level 15 in Armour
 60659 | Zot:1    | Reached skill level 27 in Unarmed Combat
 60839 | Zot:1    | Reached skill level 27 in Fighting
 60850 | Zot:1    | Reached skill level 10 in Dodging
 60880 | Zot:1    | Noticed a Killer Klown
 60896 | Zot:1    | Killed a Killer Klown
 62155 | Zot:2    | Identified the +1 halberd of the Shining Light {venom, rF+
                  | Int+6}
 62281 | Zot:2    | Identified the +0 dagger "Azoixux" {drain, rF- rN+ Str+4
                  | Int+5}
 62304 | Zot:2    | Identified the +3 morningstar of Ocebbobu {heavy, rPois rN+
                  | Will+ Str-4}
 62321 | Zot:2    | Reached XP level 27. HP: 249/249 MP: 23/23
 62463 | Zot:2    | Identified the ring "Mifeuw" {rN+ Int+6 SInv}
 64262 | Zot:4    | Noticed an ancient lich
 64617 | Zot:3    | Killed an ancient lich
 64728 | Zot:5    | Entered Level 5 of the Realm of Zot
 65469 | Zot:4    | Reached skill level 27 in Shapeshifting
 65798 | Zot:4    | Found a large runed translucent door.
 65798 | Zot:4    | Found a large runed translucent door.
 65804 | Zot:4    | Noticed Raoceuw's ghost (master NaVM)
 66536 | Zot:5    | Noticed an orb of fire
 66544 | Zot:5    | Noticed an ancient lich
 66552 | Zot:5    | Noticed an orb of fire
 66561 | Zot:5    | Killed an ancient lich
 66564 | Zot:5    | Killed an orb of fire
 66565 | Zot:5    | Reached skill level 15 in Dodging
 66575 | Zot:5    | Killed an orb of fire
 67020 | Zot:5    | a Killer Klown changed into a juggernaut
 67020 | Zot:5    | Noticed a juggernaut
 67031 | Zot:5    | Killed a juggernaut
 67787 | Zot:5    | Got the Orb of Zot
 68002 | Zot:1    | Noticed Puxtiw the pandemonium lord
 68011 | Depths:4 | Noticed Vehug the pandemonium lord
 68375 | D:5      | Noticed an ancient lich
 68376 | D:5      | Noticed Yshuosoe the pandemonium lord
 68508 | D:$      | Escaped with the Orb!

Illustrated notes

Levels and vault maps discovered:
D:1:      lightli_iron_boxes, layout_loops_corners,
          dreamdust_ecumenical_altar_hidden_monk_grotto
D:2:      layout_loops_corners, serial_shops, nicolae_shop_tiny_statue_garden,
          minmay_misc_feat_square, uniq_terence
D:3:      layout_basic
D:4:      layout_cave_pods, minmay_temple_entry_statues_pillars, serial_shops,
          nicolae_shop_hallway_plus, kennysheep_crisscross
D:5:      layout_gridville, grunt_gozag_statues, nicolae_vehumet_altar_sigil,
          nicolae_kite_square_tiling_tiny, minmay_misc_feat_chi,
          nrook_pool_corridor, guppyfry_shop_venom
D:6:      layout_gridville, nicolae_concentric_dashed_squares_mild,
          nicolae_shop_clearance, uniq_menkaure
D:7:      layout_basic, grunt_decor_resistance
D:8:      layout_rooms, lair_entry_dummy, lightli_corner_chamber, uniq_joseph
D:9:      layout_cave_pools, nicolae_overflow_hidden_temple, david_orc_5,
          nzn_life_drinkers
D:10:     layout_basic, eino_jars
D:11:     layout_rooms, gauntlet_entry_generic, serial_rivers,
          chequers_serial_rivers_small_b, chequers_serial_rivers_marsh,
          chequers_serial_rivers_large_b, chequers_serial_rivers_large_a,
          chequers_serial_rivers_micro_d, chequers_serial_rivers_micro_d,
          nicolae_xom_altar_mimics
D:12:     layout_grid_maze, serial_shops, shop, kennysheep_generic_room_7,
          uniq_erolcha, uniq_snorg
D:13:     minmay_the_grid_triangle_9x9_recursive_2
          [minmay_the_grid_triangle_9x9_prize_top_heavy,
          minmay_the_grid_triangle_9x9_cache,
          minmay_the_grid_triangle_9x9_intruding_spiral,
          minmay_the_grid_triangle_9x9_checkered], layout_loops_ring,
          david_vaults_5, minivault_20, uniq_rupert
D:14:     layout_loops_ring, elyvilon_altar_5, portal_ice_cave_entry_pillars_1,
          enter_trove_2, st_stairs_5
D:15:     hangedman_depths_entry_try_elsewhere_first, layout_loops_ring,
          nicolae_dithmenos_shadow_blocks
Temple:   regret_index_temple_generic_petals
Lair:1:   layout_cave_shapes, uniq_jeremiah, uniq_harold
Lair:2:   layout_gridlike, palyth_hydra_swamp_entry, uniq_gastronok
Lair:3:   layout_loops_ring, dummy_snake_entry
Lair:4:   layout_loops_ring, minmay_slime_entry_jelly_boxes, grunt_megastairs_3
Lair:5:   hangedman_lair_in_review, layout_gridlike, gammafunk_ghost_hive
Swamp:1:  layout_falls_marsh, hangedman_swamp_ruin_wall
Swamp:2:  layout_falls_marsh, evilmike_swamp_ruin_house_3
Swamp:3:  nzn_winding_woodlands_cross [nzn_winding_woodlands_5x15_cabin,
          nzn_winding_woodlands_5x15_concentric,
          nzn_winding_woodlands_5x15_lazy_stream,
          nzn_winding_woodlands_5x15_default,
          nzn_winding_woodlands_15x15_thick_spiral], layout_basic_swamp,
          basic_altar, uniq_kirke
Swamp:4:  grunt_swamp_rune_castle, layout_basic_swamp
Snake:1:  layout_onion, serial_shops, nicolae_shop_behind_doors,
          nicolae_shop_tiny_glass, nicolae_shop_hallway_stairs,
          nicolae_shop_tiny_statue_garden, st_stairs_11, serial_bayou_shore_a,
          lemuel_fruit_tree
Snake:2:  layout_grid_maze, serial_shops, nicolae_shop_pleasant_corner_grove,
          minmay_shoptagon, uniq_donald, uniq_nikola, uniq_louise
Snake:3:  layout_concentric_octagons, nicolae_triple_integral
Snake:4:  hellmonk_snake_rune_quicksilver_temple, layout_misc_corridors
Slime:1:  layout_caves
Slime:2:  layout_caves, dissolution_awaits
Slime:3:  layout_caves
Slime:4:  layout_caves
Slime:5:  slime_pit_nicolae_block_by_block
Orc:1:    layout_caves, ebering_ghost_inner_flame, uniq_nergalle, uniq_jorgrun
Orc:2:    grunt_orc_tribal_feast, layout_caves, serial_shops,
          nicolae_shop_tiny_waterfront, basic_altar, minmay_orc_temple_c,
          uniq_sonja
Elf:1:    eino_elf_arrival_altar, layout_geoelf_octagon, minmay_elf_annihilation
Elf:2:    elven_hall_of_blades_hangedman_original
          [nicolae_blade_entry_splitting_headache], layout_geoelf_diagonals,
          minmay_shop_grove
Elf:3:    minmay_elf_hall_hex, layout_loops_ring, basic_altar,
          serial_co_window_serial, co_window_paths_a, co_window_cross_1,
          co_window_paths_a, co_window_corner_a, co_window_of_opportunity_a,
          co_window_broadway_b, co_window_corner_b, co_window_broadway_b,
          co_window_corner_ca, co_window_paths_c, co_window_corner_b,
          uniq_roxanne
Vaults:1: hangedman_vaults_maws, v_pattern_5, hangedman_vaults_restitches,
          vaults_room_grunt_arrival_ludios, nicolae_vaults_mini_display_case,
          nicolae_vaults_tetromino_L_1, nicolae_vaults_trapezoid_4,
          layout_vaults_quadrants, uniq_norris
Vaults:2: nicolae_vaults_trapezoid_lopsided_1,
          nicolae_vaults_shipping_containers_2, v_alt_pattern_5,
          ontoclasm_vaults_hangar, nicolae_vaults_little_squares_5,
          nicolae_vaults_turnstiles, nicolae_vaults_hexular_roomagon,
          grunt_vaults_diagonal, vaults_dpeg_diagonal, grunt_vaults_focal,
          hangedman_vaults_trim, nicolae_vaults_tetromino_Z_1,
          nicolae_vaults_little_squares_1, layout_vaults_chaotic_city
Vaults:3: minmay_crypt_entry_necro_gods, nicolae_vaults_closet_pinwheel_2,
          v_pattern_4, nicolae_vaults_disjoint_gnomons,
          hangedman_vaults_stagger, nicolae_vaults_closet_pinwheel_6,
          nicolae_vaults_trapezoid_3, layout_vaults_omnicross, uniq_mennas
Vaults:4: gammafunk_ghost_arena, nicolae_vaults_tangram_1,
          nicolae_vaults_big_ls, nicolae_vaults_heart-shaped_vault,
          ontoclasm_vaults_ring_small, nicolae_vaults_corridor_and_loot_room,
          v_misc_3, hangedman_vaults_slice, vaults_mumra_hex,
          grunt_vaults_hallway_long, nicolae_vaults_offset_grid_hallway_2,
          nicolae_vaults_storage_closets_3, grunt_vaults_hallway_long,
          serial_library_hellmonk_semicircle, nicolae_vaults_diamond_1,
          vaults_room_pool, layout_vaults_omnibox
Crypt:1:  layout_misc_corridors, minmay_misc_feat_rows,
          serial_library_hellmonk_filled_rooms, grunt_megastairs_5, uniq_jory
Crypt:2:  layout_catacombs
Crypt:3:  due_elkab, layout_chaotic_city, grunt_ministairs_14
Depths:1: layout_cave_pools, abyss_entry, nicolae_hepliaklqana_hippocampus,
          grunt_pan_entry_in_and_out, hell_entry, kennysheep_inner_square,
          minmay_shop_star, uniq_aizul
Depths:2: minmay_skeleton_keep, layout_cave_pools, minmay_misc_feat_x,
          pf_coc_iceberg, rand_demon_pan_entry_9, infiniplex_staircase_pool_1,
          serial_bayou_shore_b, uniq_enchantress, uniq_josephina
Depths:3: hangedman_arrow_trap, layout_cave_shapes, hell_entry, abyss_entry,
          serial_sigils_hangedman_stare, infiniplex_staircase_pool_2
Depths:4: evilmike_zot_entry_round, layout_gridlike, enter_ziggurat_e,
          rand_demon_pan_entry_1, minmay_misc_feat_tiny,
          gammafunk_ghost_cemetery, hell_entry,
          yredelemnul_forgotten_temple_becter
Zot:1:    grunt_deathspiral_small, layout_onion, bh_zot_ikea_curve,
          hangedman_zot_decor_tridents
Zot:2:    layout_misc_corridors, st_stairs_11, st_large_dragon_hoard_2
Zot:3:    layout_twisted_circle, regret_index_zotdec_iron_s
Zot:4:    ebering_greatest_show_in_zot, layout_twisted_circle,
          ebering_ghost_disaster_area, hangedman_zot_decor_slant, st_stairs_6,
          hangedman_zot_diagonal_lockstep, grunt_ministairs_14
Zot:5:    layout_onion

Skill      XL: |  1  2  3  4  5  6  7  8  9 10 11 12 13 14 15 16 17 18 19 20 21 22 23 24 25 26 27 |
---------------+----------------------------------------------------------------------------------+-----
Fighting       | 2 3 4 5 6 8 9 10 12 13 15 16 17 19 21 22 23 24 25 26 27 | 27.0
Shapeshifting  | 4 5 6 7 8 9 10 11 12 13 15 16 17 18 19 20 21 23 24 25 27 | 27.0
Unarmed Combat | 4 5 8 10 11 13 15 16 18 19 20 21 22 23 24 25 26 27 | 27.0
Armour         | 3 6 8 10 11 12 14 16 18 | 18.3
Shields        | 4 7 9 10 12 13 14 15 18 | 18.3
Dodging        | 4 8 11 17 | 17.0

Action                     |  1- 3 |  4- 6 |  7- 9 | 10-12 | 13-15 | 16-18 | 19-21 | 22-24 | 25-27 || total
---------------------------+-------+-------+-------+-------+-------+-------+-------+-------+-------++-------
  Melee: Unarmed           |   100 |   101 |   301 |   713 |  1168 |  1055 |  1010 |  1441 |  2093 ||  7982
         Punch             |     2 |     2 |     5 |       |    58 |    21 |       |       |    47 ||   135
         Dagger            |       |    32 |    93 |       |       |       |       |       |       ||   125
         Constrict         |       |       |       |     2 |       |       |       |       |       ||     2
 Invoke: Serpent's Lash    |       |       |       |     3 |     3 |     1 |       |       |     1 ||     8
         Heavenly Storm    |       |       |       |       |       |     1 |     1 |     2 |     3 ||     7
Ability: Lunge             |       |       |    23 |    22 |    90 |    70 |    74 |   104 |    89 ||   472
         Hop               |       |       |     2 |     2 |       |     3 |     1 |     1 |     1 ||    10
         Whirlwind         |       |       |    47 |   163 |   176 |   152 |   152 |   294 |   425 ||  1409
         Wall Jump         |       |       |       |    11 |    14 |    19 |     7 |     1 |    13 ||    65
         Siphon Essence    |       |       |       |       |       |       |       |       |     3 ||     3
  Evoke: Wand              |       |       |       |     4 |       |       |       |       |     3 ||     7
         Box of beasts     |       |       |       |       |     1 |       |     1 |     1 |       ||     3
         Tin of tremorston |       |       |       |       |       |     2 |     2 |     1 |       ||     5
         Lightning rod     |       |       |       |       |       |       |     2 |     4 |     2 ||     8
    Use: Scroll            |       |     3 |     3 |     5 |    19 |     3 |     1 |    10 |    18 ||    62
         Potion            |       |     3 |     2 |     9 |     3 |     1 |     4 |     6 |     5 ||    33
   Stab: Sleeping          |     1 |       |       |     1 |       |       |     1 |     3 |     3 ||     9
         Petrified         |       |       |       |       |     2 |       |       |       |       ||     2
         Invisible         |       |       |       |       |     8 |       |       |       |       ||     8
         Distracted        |       |       |       |       |       |     1 |     1 |       |       ||     2
 Armour: Animal skin       |    41 |     2 |       |       |       |       |       |       |       ||    43
         Chain mail        |       |    78 |       |       |       |       |       |       |       ||    78
         Skin              |       |    82 |    22 |    13 |       |   869 |   739 |   693 |   783 ||  3201
         Plate armour      |       |     4 |   262 |   521 |   310 |    84 |       |    95 |   272 ||  1548
         Scale mail        |       |       |       |       |   303 |       |       |       |       ||   303
         Gold dragon scale |       |       |       |       |       |       |       |       |   326 ||   326
  Dodge: Dodged            |    51 |    77 |   154 |   344 |   451 |   421 |   271 |   306 |   748 ||  2823
  Block: Other             |       |       |       |    88 |   147 |    21 |       |       |    20 ||   276
         Reflection        |       |       |       |     2 |     8 |    45 |    99 |    83 |    24 ||   261
         Kite shield       |       |       |       |       |       |   810 |   849 |   717 |       ||  2376
         Tower shield      |       |       |       |       |       |       |       |   215 |  1608 ||  1823
   Form: Flux              |       |       |     1 |     1 |       |       |       |       |       ||     2
         Anaconda          |       |       |       |     1 |       |       |       |       |       ||     1
         Blade             |       |       |       |       |     1 |       |       |       |       ||     1
         Statue            |       |       |       |       |       |     3 |       |     1 |     3 ||     7
                           |       |       |       |       |       |     2 |       |       |     1 ||     3
         Death             |       |       |       |       |       |       |       |     2 |     5 ||     7
         Storm             |       |       |       |       |       |       |       |       |     4 ||     4

Table legend: (Time is in decaauts)
 A = Elapsed time spent in this place.
 B = Non-inter-level travel time spent in this place.
 C = Inter-level travel time spent in this place.
 D = Time resting spent in this place.
 E = Time spent auto-exploring this place.
 F = Levels seen in this place.
 G = Mean time per level.
                   A        B        C        D        E       F      G
               +--------+--------+--------+--------+--------+-----+--------+
         Total |  85119 |  74122 |  10997 |   3517 |  56963 |  57 | 1493.3 |
       Dungeon |  23620 |  19419 |   4201 |     40 |  16423 |  15 | 1574.7 |
        Temple |     44 |      3 |     41 |      0 |      0 |   1 |   44.0 |
          Lair |   7212 |   6003 |   1209 |     47 |   5063 |   5 | 1442.4 |
         Swamp |   4266 |   3975 |    291 |      0 |   3111 |   4 | 1066.5 |
     Snake Pit |   6004 |   5276 |    728 |      0 |   4249 |   4 | 1501.0 |
    Slime Pits |   2225 |   1975 |    250 |    155 |   1310 |   5 |  445.0 |
  Orcish Mines |   2516 |   1974 |    542 |      0 |   1544 |   2 | 1258.0 |
   Elven Halls |   5358 |   4985 |    373 |      0 |   4027 |   3 | 1786.0 |
        Vaults |   9021 |   7697 |   1324 |      6 |   6230 |   4 | 2255.2 |
         Crypt |   4547 |   4272 |    275 |      0 |   3352 |   3 | 1515.7 |
        Depths |   9749 |   8762 |    987 |   1044 |   6315 |   4 | 2437.2 |
           Zot |   8784 |   8013 |    771 |   2217 |   4211 |   5 | 1756.8 |
      Ice Cave |   1070 |   1070 |      0 |      0 |    741 |   1 | 1070.0 |
      Gauntlet |    698 |    698 |      0 |      6 |    381 |   1 |  698.0 |
               +--------+--------+--------+--------+--------+-----+--------+

Top non-repeatable levels by time:
Depths:4: 3723 daAuts
     D:8: 3561 daAuts
   Elf:3: 2643 daAuts
Vaults:2: 2544 daAuts
    D:13: 2478 daAuts
   Zot:5: 2469 daAuts
Depths:2: 2325 daAuts
Vaults:1: 2322 daAuts
 Snake:2: 2186 daAuts
Vaults:4: 2180 daAuts
Depths:3: 2038 daAuts
 Crypt:3: 2036 daAuts
   Zot:1: 2008 daAuts
Vaults:3: 1973 daAuts
     D:9: 1936 daAuts
